 Dungeon Crawl Stone Soup version 0.15-a0-1569-gdbe329f (webtiles) character file.

130 Amnesiac the Slasher (level 5, 0/38 HPs)
             Began as a Human Skald on June 18, 2014.
             Was a Follower of Kikubaaqudgha.
             Slain by an orc
             ... wielding a +0 flail
              (7 damage)
             ... on Level 3 of the Dungeon.
             The game lasted 00:10:01 (3543 turns).

Amnesiac the Slasher (Human Skald)                  Turns: 3543, Time: 00:10:01

HP   0/38        AC  4     Str 12      XL: 5   Next: 36%
MP   1/9         EV 11     Int 13      God: Kikubaaqudgha [*.....]
Gold 162         SH  0     Dex 13      Spells:  4 memorised,  0 levels left

rFire  . . .     SeeInvis .     a - +0 falchion
rCold  . . .     Clarity  .     k - +1 robe
rNeg   . . .     rCorr    .     (no shield)
rPois  .         rRot     .     (no helmet)
rElec  .         Spirit   .     (no cloak)
SustAb .         Warding  .     (no gloves)
rMut   .         Stasis   .     y - +0 pair of boots
Gourm  .                        m - amulet of inaccuracy
MR     .....                    (no ring)
                                (no ring)

@: infused, very slightly contaminated, not resistant to hostile enchantments,
very unstealthy
A: no striking features
a: Receive Corpses, Renounce Religion


You were on level 3 of the Dungeon.
You worshipped Kikubaaqudgha.
Kikubaaqudgha was aware of your devotion.
You were hungry.

You visited 1 branch of the dungeon, and saw 4 of its levels.

You collected 162 gold pieces.

Inventory:

Hand weapons
 a - a +0 falchion (weapon)
Armour
 f - a +1 shield
 k - a +1 robe (worn)
 y - a +0 pair of boots (worn)
Magical devices
 b - a wand of confusion (12) {unknown}
Comestibles
 d - 2 bread rations
 n - 2 meat rations
 q - a royal jelly
 A - a beef jerky
Scrolls
 e - a scroll of magic mapping
 h - a scroll of remove curse
 i - a scroll of enchant armour {unknown}
 l - a scroll of random uselessness
 r - a scroll of immolation
 t - a scroll of identify {unknown}
 u - a scroll of fear {unknown}
 B - a scroll of enchant weapon {unknown}
Jewellery
 m - an amulet of inaccuracy (around neck)
 s - an uncursed amulet of rage {unknown}
 w - an uncursed ring of see invisible {unknown}
Potions
 g - 3 potions of curing {unknown}
 j - a potion of might {unknown}
 o - 3 potions of agility {unknown}
 p - 5 potions of heal wounds {unknown}
 v - a potion of resistance {unknown}
Books
 c - a book of Battle

   Spells                             Type                      Level
   *Infusion                          Charms                       1
   Shroud of Golubria                 Charms/Translocation         2
   Song of Slaying                    Charms                       2
   *Spectral Weapon                   Hexes/Charms                 3
   *Regeneration                      Charms/Necromancy            3
 x - Kikubaaqudgha's Collected Works on Dark Secrets
   (Kikubaaqudgha gifted it to you on level 3 of the Dungeon)

   Spells                             Type                      Level
   *Animate Skeleton                  Necromancy                   1
   Corpse Rot                         Necromancy                   2
   Sublimation of Blood               Necromancy                   2
   *Regeneration                      Charms/Necromancy            3
   Control Undead                     Necromancy                   4


   Skills:
 - Level 2.0 Fighting
 - Level 4.2 Long Blades
 - Level 1.0 Armour
 - Level 1.0 Dodging
 - Level 2.0 Spellcasting
 - Level 4.0 Charms
 + Level 0.6 Necromancy


You couldn't memorise any spells.
You knew the following spells:

 Your Spells              Type           Power        Failure   Level  Hunger
b - Animate Skeleton      Necr           N/A          21%         1    ##.....
d - Spectral Weapon       Hex/Chrm       #.......     34%         3    ####...
r - Regeneration          Chrm/Necr      #.........   34%         3    ####...
z - Infusion              Chrm           ##....       6%          1    ##.....


Dungeon Overview and Level Annotations

Branches:
Dungeon (4/15)
 Temple: D:4-7

Altars:
Cheibriados
Kikubaaqudgha

Annotations:
D:2 Terence


Message History

Your kobold skeleton hits the orc but does no damage.
You see here a stone.
The orc hits your kobold skeleton with a flail!
Your kobold skeleton is destroyed!
Unknown command.
Casting: Regeneration
Confirm with . or Enter, or press ? or * to list all spells.
You begin infusing your attacks with magical energy.
The orc throws a stone.
The stone hits you but does no damage.
You barely miss the orc.
The orc is lightly wounded.
The orc barely misses you.
You hit the orc but do no damage.
The orc is lightly wounded.
The orc misses you.
You hit the orc but do no damage.
The orc is lightly wounded.
The orc hits you with a flail!
You die...
Kikubaaqudgha rasps: "You have failed me!
Welcome... death!"

.# #.............#
.# #...####......#
.# #...####...>(.#
.###.....####.(..#
........###.#.[..#
........#♣._##(.(#
#.......'...8#.((#
#.#######♣._##))(#
#.# ##.#..o@# #.#
#####....# #.#
#........# ..#
#........# ..#
#........# ..#
#........# ..#
#........#
..############...#
.........#####...#


You could see an orc.

Vanquished Creatures
  Jessica (D:3)
  4 adders
  A worm (D:3)
  2 giant geckos (D:1)
  5 orcs
  7 bats
  3 giant cockroaches
  6 hobgoblins
  8 jackals
  6 kobolds
  2 quokkas
  A ball python (D:1)
  A giant newt (D:1)
  6 goblins
  5 rats
58 creatures vanquished.

Vanquished Creatures (collateral kills)
  An adder (D:3)
  An orc (D:3)
2 creatures vanquished.

Vanquished Creatures (others)
  A hobgoblin skeleton (D:3)
  3 jackal skeletons (D:3)
  A kobold skeleton (D:3)
5 creatures vanquished.

Grand Total: 65 creatures vanquished

Notes
Turn   | Place    | Note
--------------------------------------------------------------
     0 | D:1      | Amnesiac, the Human Skald, began the quest for the Orb.
     0 | D:1      | Reached XP level 1. HP: 16/16 MP: 3/3
    30 | D:2      | Reached XP level 2. HP: 16/22 MP: 4/4
   350 | D:3      | Noticed Jessica
   637 | D:3      | Killed Jessica
   637 | D:3      | Reached XP level 3. HP: 24/27 MP: 1/6
   673 | D:3      | Learned a level 3 spell: Spectral Weapon
  1016 | D:3      | Reached skill level 4 in Long Blades
  1016 | D:3      | Reached XP level 4. HP: 22/33 MP: 7/7
  1052 | D:3      | Found an ancient bone altar of Kikubaaqudgha.
  1053 | D:3      | Found a snail-covered altar of Cheibriados.
  1057 | D:3      | Became a worshipper of Kikubaaqudgha
  1301 | D:1      | Learned a level 3 spell: Regeneration
  2008 | D:2      | Noticed Terence
  2810 | D:3      | Reached XP level 5. HP: 29/38 MP: 1/9
  2833 | D:3      | Acquired Kikubaaqudgha's first power
  2833 | D:3      | Received a gift from Kikubaaqudgha
  2834 | D:3      | Identified Kikubaaqudgha's Collected Works on Dark Secrets (Kikubaaqudgha gifted it to you on level 3 of the Dungeon)
  2971 | D:3      | Learned a level 1 spell: Animate Skeleton
  3396 | D:4      | Noticed an ogre
  3543 | D:3      | Slain by an orc

Action                   |  1- 3 |  4- 6 || total
-------------------------+-------+-------++-------
Melee: Falchion          |    74 |   233 ||   307
 Cast: Infusion          |     4 |     4 ||     8
       Regeneration      |       |     9 ||     9
       Animate Skeleton  |       |     5 ||     5
  Use: Scroll            |       |     5 ||     5
